 Dungeon Crawl Stone Soup version 0.29.1-15-g9cfb28693d (webtiles) character file.

Game seed: 7234517693181702959

76 Cheops the Poker (level 4, 0/33 HPs)
             Began as a Merfolk Gladiator on Mar 20, 2023.
             Slain by a kobold brigand
             ... wielding a +0 dagger
              (3 damage)
             ... in a sewer.
             The game lasted 00:04:31 (2255 turns).

Cheops the Poker (Merfolk Gladiator)                Turns: 2255, Time: 00:04:31

Health: 0/33       AC:  5    Str: 22    XL:     4   Next: 32%
Magic:  4/4        EV: 13    Int:  7    God:
Gold:   86         SH:  4    Dex: 15    Spells: 3/3 levels left

rFire   . . .      SeeInvis .   a - +0 trident
rCold   . . .      Faith    .   q - +0 buckler
rNeg    . . .      Spirit   .   b - +0 leather armour
rPois   .          Reflect  .   n - +1 helmet
rElec   .          Harm     .   (no cloak)
rCorr   .          Rampage  .   (no gloves)
Will    .....                   (no boots)
Stlth   +.........              (no amulet)
HPRegen 0.11/turn               i - +6 ring of strength
MPRegen 0.09/turn               (no ring)

@: slowed, very slow
A: (nimble swimmer 2), mertail
a: no special abilities


You were in a sewer.
You visited 1 branch of the dungeon, and saw 3 of its levels.
You also visited: Sewer.

You collected 86 gold pieces.

Inventory:

Hand Weapons
 a - a +0 trident (weapon)
Missiles
 d - 3 throwing nets (quivered)
 e - a javelin
Armour
 b - a +0 leather armour (worn)
 n - a +1 helmet (worn)
 q - a +0 buckler (worn)
Jewellery
 i - a +6 ring of strength (left hand)
Scrolls
 f - 2 scrolls of enchant armour {unknown}
 g - 4 scrolls of teleportation {unknown}
 h - 4 scrolls of immolation {unknown}
 j - 2 scrolls of identify {unknown}
 k - a scroll of amnesia {unknown}
 l - a scroll of noise {unknown}
 o - a scroll of poison {unknown}
Potions
 c - a potion of curing {unknown}
 m - a potion of lignification {unknown}
 p - a potion of cancellation {unknown}


   Skills:
 - Level 2.1 Fighting
 - Level 6.4 Polearms
 - Level 2.0 Throwing
 - Level 4.0 Dodging
 + Level 1.1 Shields


You had 3 spell levels left.
You didn't know any spells.
Your spell library was empty.

Dungeon Overview and Level Annotations

Branches:
Dungeon (3/15)              Sewer (1/1)

Altars:
Hepliaklqana

Shops:
D:1 (*(   D:3 (


Innate Abilities, Weirdness & Mutations

((You are very nimble when in or above water. (Stealth+, EV+, Speed+++)))
Your lower body shifts to a powerful aquatic tail in water.


Message History

You are too injured to fight recklessly!
You are too injured to fight recklessly!
You are too injured to fight recklessly!
You are too injured to fight recklessly!
You are too injured to fight recklessly!
A kobold brigand is nearby!
A kobold brigand is nearby!
A kobold brigand is nearby!
You are too injured to fight recklessly!
You are too injured to fight recklessly!
You are too injured to fight recklessly!
You are too injured to fight recklessly!
You are too injured to fight recklessly!
You are too injured to fight recklessly!
You are too injured to fight recklessly!
You are too injured to fight recklessly!
You are too injured to fight recklessly!
You are too injured to fight recklessly!
You are too injured to fight recklessly!
You feel sick.
The kobold brigand hits you with a +0 dagger. x2
You see here a ruby potion.
You hit the kobold brigand.
The kobold brigand is lightly wounded.
You feel sick.
The kobold brigand hits you with a +0 dagger.
* * * LOW HITPOINT WARNING * * *
You hit the kobold brigand.
The kobold brigand is moderately wounded.
You feel sick.
The kobold brigand hits you with a +0 dagger.
* * * LOW HITPOINT WARNING * * *
You block the kobold brigand's attack.
You puncture the kobold brigand!
The kobold brigand is severely wounded.
You feel sick.
You are no longer poisoned.
You block the kobold brigand's attack.
The kobold brigand hits you with a +0 dagger.
You die...

#......~#~~~#.....#
#......P#~≈~#.....#
#.......#~≈~#P~~..#
##..P~.~#~≈~#~~...#
#...~~~#~≈~#P~~..#
#~≈~~~~~..#
#~~~##''###
#~≈~#....# ###
#..@.# #.∩K.#
#....# ######


You could see a kobold brigand.

Vanquished Creatures
  2 adders (D:2)
  2 worms
  13 ball pythons
  8 endoplasms
  3 giant cockroaches
  2 goblins (D:2)
  3 hobgoblins
  A quokka (D:1)
  2 bats
  7 frilled lizards
  2 kobolds (D:1)
  6 rats
51 creatures vanquished.

Vanquished Creatures (others)
  A plant (Sewer)
1 creature vanquished.

Grand Total: 52 creatures vanquished

Notes
Turn   | Place    | Note
-------+----------+-------------------------------------------
     0 | D:1      | Cheops the Merfolk Gladiator began the quest for the Orb.
     0 | D:1      | Reached XP level 1. HP: 16/16 MP: 1/1
     1 | D:1      | Noticed an electric eel
   180 | D:1      | Reached XP level 2. HP: 22/22 MP: 2/2
   201 | D:1      | You fall into a shaft and drop 1 floor!
   259 | D:1      | Found Logypnuv's General Store.
   412 | D:1      | Found Kalaet's Antique Weapon Shop.
   465 | D:1      | Reached skill level 5 in Polearms
   536 | D:1      | Found Qeidunno's Weapon Shoppe.
  1016 | D:2      | Reached XP level 3. HP: 20/27 MP: 3/3
  1272 | D:2      | Reached skill level 6 in Polearms
  1514 | D:2      | Reached XP level 4. HP: 33/33 MP: 4/4
  1543 | D:2      | Found a hazy altar of Hepliaklqana.
  1576 | D:2      | Found a faded altar of an unknown god.
  2033 | D:3      | Found Qaetzuepp's Weapon Emporium.
  2094 | D:3      | Found a glowing drain.
  2109 | Sewer    | Entered a sewer
  2160 | Sewer    | Reached skill level 1 in Shields
  2249 | Sewer    | Noticed a kobold brigand
  2255 | Sewer    | Slain by a kobold brigand

Illustrated notes

Levels and vault maps discovered:
D:1:      arrival_aquarium_a, layout_loops_corners, serial_shops, shop,
          nicolae_shop_stone, shop
D:2:      layout_loops_ring, ebering_ecumenical_altar_mist, basic_altar
D:3:      layout_basic, serial_shops, shop, cheibrodos_sewer_entry_drain
Sewer:    kennysheep_pipe_town

Skill      XL: |  1  2  3  4 |
---------------+-------------+-----
Polearms       | 5 6 |  6.4
Shields        | 1 |  1.1
Fighting       | |  2.1
Throwing       | |  2.0
Dodging        | |  4.0

Action                   |  1- 3 |  4- 6 || total
-------------------------+-------+-------++-------
Melee: Trident           |    96 |    52 ||   148
       Tailslap          |       |     1 ||     1
 Stab: Distracted        |     1 |       ||     1
       Sleeping          |     1 |       ||     1
Armor: Leather armour    |    12 |     4 ||    16
Dodge: Dodged            |    41 |    16 ||    57
Block: Buckler           |       |     5 ||     5
